 Dungeon Crawl Stone Soup version 0.30-a0-778-g2ef04afb54 (webtiles) character file.

Game seed: 5089716364994366661

100 cheesebisquit the Shooter (level 4, -1/37 HPs)
             Began as a Minotaur Hunter on Feb 15, 2023.
             Slain by Sigmund
             ... wielding a +0 scythe
              (11 damage)
             ... on level 3 of the Dungeon.
             The game lasted 00:05:13 (1275 turns).

cheesebisquit the Shooter (Minotaur Hunter)         Turns: 1275, Time: 00:05:13

Health: -1/37      AC:  3    Str: 16    XL:     4   Next: 46%
Magic:  3/3        EV: 12    Int:  6    God:
Gold:   115        SH:  0    Dex: 15    Spells: 3/3 levels left

rFire   . . .      SeeInvis .    d - +0 sling (heavy)
rCold   + . .      Faith    .    (no shield)
rNeg    . . .      Spirit   .    c - +0 leather armour
rPois   .          Reflect  .    (helmet restricted)
rElec   .          Harm     .    (no cloak)
rCorr   .          Rampage  .    (no gloves)
Will    .....                    (no boots)
Stlth   +                        (no amulet)
HPRegen 0.26/turn                f - ring of protection from cold
MPRegen 0.08/turn                (no ring)

@: mighty
A: horns 2, retaliatory headbutt
a: no special abilities


You were on level 3 of the Dungeon.
You visited 1 branch of the dungeon, and saw 3 of its levels.

You collected 115 gold pieces.

Inventory:

Hand Weapons
 a - a +0 shortbow
 d - a +0 heavy sling (weapon)
Missiles
 j - 12 poisoned darts
Armour
 c - a +0 leather armour (worn)
 g - an orb of wrath
Jewellery
 f - a ring of protection from cold (left hand)
Scrolls
 b - a scroll of immolation
 e - a scroll of fog {unknown}
 h - a scroll of enchant armour {unknown}
 k - 2 scrolls of teleportation {unknown}
 l - 2 scrolls of identify {unknown}
Potions
 m - a potion of curing {unknown}


   Skills:
 - Level 2.4 Fighting
 * Level 6.5 Ranged Weapons
 - Level 2.1 Dodging
 - Level 0.7 Stealth


You had 3 spell levels left.
You didn't know any spells.
Your spell library was empty.

Dungeon Overview and Level Annotations

Branches:
Dungeon (3/15)

Altars:

Annotations:
D:3 Sigmund


Innate Abilities, Weirdness & Mutations

You have a pair of horns on your head.
You reflexively headbutt those who attack you in melee.


Message History

You shoot a sling bullet.
The sling bullet hits Sigmund but does no damage.
Sigmund is severely wounded.
Sigmund gestures at you while chanting. You resist with some effort.
You shoot a sling bullet. The sling bullet barely misses Sigmund.
Sigmund says, "You will soon forget everything."
Sigmund barely misses you.
You shoot a sling bullet.
The sling bullet hits Sigmund but does no damage.
Sigmund is severely wounded.
Sigmund says, "You will soon forget everything."
Sigmund points at you and mumbles some strange words.
The puff of flame hits you! Sigmund casts a spell at you.
The magic dart hits you!
You are too injured to fight recklessly!
You are too injured to fight recklessly!
You are too injured to fight recklessly!
You feel very mighty all of a sudden.
Sigmund mumbles some strange words.
Sigmund flickers and vanishes!
Deactivating autopickup; reactivate with Ctrl-A.
Fire: d) +0 sling (heavy)
Press: ? - help, Q - select action, (/) - cycle Shift-Dir - straight line, f - you Really target yourself? [Y]es or [N]o only, please.
Really target yourself? [Y]es or [N]o only, please.
Really target yourself?
Okay, then.
No target in view!
Fire: d) +0 sling (heavy)
Press: ? - help, Q - select action, (/) - cycle Shift-Dir - straight line You shoot a sling bullet.
A magic dart appears from out of thin air!
The magic dart hits you!
* * * LOW HITPOINT WARNING * * *
Something hits you!
You die...

##....
.....
.... ...
.. #. #
#†##.##.#
#.@.{...#
##.....##
#.....#
#.....#
#.....#
#######


There were no monsters in sight!

Vanquished Creatures
  Natasha (twice) (D:2)
  2 worms (D:2)
  A dart slug (D:1)
  5 ball pythons
  A bat (D:1)
  4 endoplasms
  A giant cockroach (D:2)
  5 goblins
  4 hobgoblins
  2 jackals (D:1)
  A kobold (D:1)
  2 quokkas
  4 frilled lizards
  7 rats
41 creatures vanquished.

Notes
Turn   | Place    | Note
-------+----------+-------------------------------------------
     0 | D:1      | cheesebisquit the Minotaur Hunter began the quest for the
                  | Orb.
     0 | D:1      | Reached XP level 1. HP: 18/18 MP: 0/0
    18 | D:1      | Found a faded altar of an unknown god.
    60 | D:1      | Reached XP level 2. HP: 19/25 MP: 1/1
    65 | D:1      | Reached skill level 5 in Ranged Weapons
   416 | D:1      | Reached XP level 3. HP: 30/30 MP: 2/2
   961 | D:2      | Noticed Natasha
   966 | D:2      | Killed Natasha
   967 | D:2      | Reached skill level 6 in Ranged Weapons
   967 | D:2      | Reached XP level 4. HP: 28/37 MP: 3/3
  1067 | D:2      | Noticed Natasha
  1070 | D:2      | Killed Natasha
  1261 | D:3      | Noticed Sigmund
  1275 | D:3      | Slain by Sigmund

Illustrated notes

Levels and vault maps discovered:
D:1:      noname_arrival_rooms_in_the_neighbourhood, layout_basic,
          dreamdust_ecumenical_altar_statues
D:2:      layout_loops_ring, uniq_natasha
D:3:      layout_loops_cross, uniq_sigmund, uniq_terence

Skill      XL: |  1  2  3 |
---------------+----------+-----
Ranged Weapons | 5 6 |  6.5
Fighting       | |  2.4
Dodging        | |  2.1
Stealth        | |  0.7

Action                     |  1- 3 |  4- 6 || total
---------------------------+-------+-------++-------
   Fire: Shortbow          |    30 |       ||    30
         Sling             |    64 |    23 ||    87
    Use: Potion            |       |     1 ||     1
 Armour: Leather armour    |    12 |     1 ||    13
  Dodge: Dodged            |    23 |     6 ||    29

Table legend: (Time is in decaauts)
 A = Elapsed time spent in this place.
 B = Non-inter-level travel time spent in this place.
 C = Inter-level travel time spent in this place.
 D = Time resting spent in this place.
 E = Time spent auto-exploring this place.
 F = Levels seen in this place.
 G = Mean time per level.
                   A        B        C        D        E       F      G
               +--------+--------+--------+--------+--------+-----+--------+
         Total |   1340 |   1276 |     64 |      0 |    998 |   3 |  446.7 |
       Dungeon |   1340 |   1276 |     64 |      0 |    998 |   3 |  446.7 |
               +--------+--------+--------+--------+--------+-----+--------+

Top non-repeatable levels by time:
     D:2: 738 daAuts
     D:1: 581 daAuts
     D:3: 20 daAuts
